 Dungeon Crawl Stone Soup version 0.16-a0-967-g37ceb3c (webtiles) character file.

27 Qrupt the Magician (level 3, -2/19 HPs)
             Began as a Kobold Wizard on Oct 2, 2014.
             Killed from afar by Ijyb (7 damage)
             ... with a wand of flame
             ... on Level 2 of the Dungeon.
             The game lasted 00:04:36 (1290 turns).

Qrupt the Magician (Kobold Wizard)                  Turns: 1290, Time: 00:04:36

HP  -2/19        AC  2     Str  6      XL: 3   Next: 25%
MP   0/8         EV 15     Int 16      God:
Gold 51          SH  0     Dex 14      Spells:  3 memorised,  4 levels left

rFire  . . .     SeeInvis .     j - +0 whip
rCold  . . .     Clarity  .     a - +0 robe
rNeg   . . .     rCorr    .     (no shield)
rPois  .         rRot     .     b - +0 hat
rElec  .         Spirit   .     (no cloak)
SustAb .         Warding  .     (no gloves)
rMut   .         Stasis   .     (no boots)
Gourm  .                        (no amulet)
MR     .....                    (no ring)
                                (no ring)

@: not resistant to hostile enchantments, unstealthy
A: carnivore 3
a: no special abilities


You were on level 2 of the Dungeon.
You were not hungry.

You visited 1 branch of the dungeon, and saw 2 of its levels.

You collected 51 gold pieces.

Inventory:

Hand weapons
 e - a +0 club
 j - a +0 whip (weapon)
Armour
 a - a +0 robe (worn)
 b - a +0 hat (worn)
Comestibles
 d - a meat ration
 l - a slice of pizza
Scrolls
 f - a scroll of random uselessness {unknown}
 m - a scroll of enchant armour {unknown}
 o - a scroll of identify {unknown}
Potions
 g - a potion of might {unknown}
 h - a potion of mutation {unknown}
 i - a potion of cure mutation {unknown}
 n - a potion of cancellation {unknown}
Books
 c - a book of Minor Magic

   Spells                             Type                      Level
   *Magic Dart                        Conjuration                  1
   *Blink                             Translocation                2
   *Call Imp                          Summoning                    2
   Repel Missiles                     Charms/Air                   2
   Slow                               Hexes                        2
   Conjure Flame                      Conjuration/Fire             3
   Mephitic Cloud                     Conjuration/Poison/Air       3


   Skills:
 - Level 2.4 Dodging
 - Level 2.6 Stealth
 + Level 3.5 Spellcasting
 + Level 1.9 Conjurations
 - Level 1.0 Summonings
 - Level 1.0 Translocations


You had 4 spell levels left.
You knew the following spells:

 Your Spells              Type           Power        Failure   Level  Hunger
a - Magic Dart            Conj           #...         10%         1    None
b - Blink                 Tloc           N/A          21%         2    ##.....
c - Call Imp              Summ           #.......     21%         2    ##.....


Dungeon Overview and Level Annotations

Branches:
Dungeon (2/15)

Altars:
Okawaru

Annotations:
D:2 Ijyb


Innate Abilities, Weirdness & Mutations

You are small and have problems with some larger weapons.
You are carnivorous and can eat meat at any time.


Message History

Ijyb is moderately wounded.
Ijyb misses you.
Your iron imp hits Ijyb but does no damage.
Drink which item? (? for menu, Esc to quit)
You feel better.
It was a potion of curing.
Ijyb zaps a wand.
The puff of flame hits you!
* * * LOW HITPOINT WARNING * * *
Your iron imp barely misses Ijyb.
Drink which item? (? for menu, Esc to quit)
You feel better.
Ijyb zaps a wand.
The puff of flame hits you!
* * * LOW HITPOINT WARNING * * *
Casting: Magic Dart
Confirm with . or Enter, or press ? or * to list all spells.
Aiming: Magic Dart
Press: ? - help, Shift-Dir - straight line, f/p - Ijyb
Aim: Ijyb wearing a runed leather armour and carrying a wand of flame {zapped: 6} (moderately wounded)
The magic dart hits Ijyb.
Ijyb is moderately wounded.
Your iron imp barely misses Ijyb.
Ijyb zaps a wand.
The puff of flame hits you!
You die...

########## #........#
########.#####.# #
#............#.#####.#
##.#####.###.#.##....#.#<.
#.# #.###.#.............
#.# #.....#..@g5..#.##.
#.# #######..#....# .. #.#
.....###### # #.# #####>.
#.# #.# ##.### #.. #<...#
### ######


You could see Ijyb and a friendly iron imp.

Vanquished Creatures
  2 giant geckos (D:1)
  A giant cockroach (D:1)
  8 hobgoblins (D:1)
  2 kobolds (D:1)
  3 bats (D:1)
  A giant newt (D:1)
  4 goblins (D:1)
  4 rats (D:1)
25 creatures vanquished.

Vanquished Creatures (others)
  5 toadstools (D:1)
5 creatures vanquished.

Grand Total: 30 creatures vanquished

Notes
Turn   | Place    | Note
--------------------------------------------------------------
     0 | D:1      | Qrupt, the Kobold Wizard, began the quest for the Orb.
     0 | D:1      | Reached XP level 1. HP: 10/10 MP: 4/4
    21 | D:1      | Reached skill level 1 in Conjurations
   210 | D:1      | Found an iron altar of Okawaru.
   241 | D:1      | Reached XP level 2. HP: 3/15 MP: 0/6
   973 | D:1      | Reached XP level 3. HP: 19/19 MP: 4/8
  1080 | D:1      | Learned a level 2 spell: Blink
  1083 | D:1      | Learned a level 2 spell: Call Imp
  1277 | D:2      | Noticed Ijyb
  1290 | D:2      | Killed from afar by Ijyb

Action                   || total
-------------------------++-------
Melee: Club              ||    25
       Whip              ||     6
 Cast: Magic Dart        ||    68
       Call Imp          ||     1
  Use: Potion            ||     2
 Stab: Sleeping          ||     1
  Eat: Chunk             ||     1
